Selects Airborne Battlegroup
Selects Heavy Machine Gun Paradrop
Heavy Machine Gun Paradrop
Construct Weapon Support Center
Selects Paratrooper Squad Paradrop
Paratrooper Squad Paradrop
Construct Medical Station
Paratrooper Squad Paradrop
Selects Anti-tank Gun Team Paradrop
Anti-tank Gun Team Paradrop
Selects Smoke Bombing Run
M3 Armored Personnel Carrier
Heavy Machine Gun Paradrop
Selects Carpet Bombing Run
M18 Hellcat Tank Destroyer